 Dungeon Crawl Stone Soup version 0.30-a0-234-g97d66968fd (webtiles) character file.

Game seed: 13110081824225087927

297 qw the Chopper (level 6, 0/38 HPs)
             Began as a Gargoyle Fighter on Oct 10, 2022.
             Slain by an ogre
             ... wielding a +0 giant spiked club
              (19 damage)
             ... on level 4 of the Dungeon.
             The game lasted 00:01:06 (2546 turns).

qw the Chopper (Gargoyle Fighter)                   Turns: 2546, Time: 00:01:07

Health: 0/38       AC: 19    Str: 22    XL:     6   Next: 35%
Magic:  6/6        EV:  7    Int:  8    God:
Gold:   147        SH:  4    Dex:  9    Spells: 5/5 levels left

rFire   . . .      SeeInvis .    Y - +2 war axe
rCold   . . .      Faith    .    c - +0 buckler
rNeg    + + .      Spirit   .    h - +0 chain mail
rPois   inf        Reflect  .    m - +0 helmet
rElec   +          Harm     .    (no cloak)
rCorr   .          Rampage  .    i - +0 pair of gloves
Will    .....                    (no boots)
Stlth   ..........               (no amulet)
HPRegen 0.26/turn                l - ring of positive energy
MPRegen 0.10/turn                b - +4 ring of protection

@: no status effects
A: sickness immunity, AC +4, negative energy resistance 1, electricity
resistance, torment resistance 1, petrification resistance
a: no special abilities


You were on level 4 of the Dungeon.
You visited 1 branch of the dungeon, and saw 4 of its levels.

You collected 147 gold pieces.


Innate Abilities, Weirdness & Mutations

You are immune to sickness and miasma.
Your stone body is resilient. (AC +4)
You are immune to poison.
You resist negative energy. (rN+)
You are resistant to electric shocks. (rElec)
You are resistant to unholy torment.
You are immune to petrification.


   Skills:
 - Level 4.0 Fighting
 + Level 5.6 Axes
 - Level 3.2 Armour
 - Level 3.2 Shields


You had 5 spell levels left.
You didn't know any spells.
Your spell library was empty.

Inventory:

Hand Weapons
 a - a +0 flail
 Y - a +2 war axe (weapon)
Armour
 c - a +0 buckler (worn)
 h - a +0 chain mail (worn)
 i - a +0 pair of gloves (worn)
 m - a +0 helmet (worn)
Jewellery
 b - a +4 ring of protection (right hand)
 l - a ring of positive energy (left hand)
Potions
 d - a potion of might
 e - a potion of lignification {unknown}
 f - a potion of curing {unknown}
 g - a potion of brilliance {unknown}
 j - a potion of attraction {unknown}
 k - a potion of invisibility {unknown}

Dungeon Overview and Level Annotations

Branches:
Dungeon (4/15)
 Temple: D:4-7

Altars:


Message History

The phantom hits you but does no damage.
You barely miss the phantom.
The phantom is heavily damaged.
You block the phantom's attack.
You barely miss the phantom.
The phantom is heavily damaged.
The phantom hits you.
You hit the phantom.
The phantom is heavily damaged.
The phantom hits you but does no damage. x2
You hit the phantom.
The phantom is heavily damaged.
The phantom hits you but does no damage.
You hit the phantom but do no damage.
The phantom is heavily damaged.
The phantom barely misses you.
You slash the phantom!
The phantom is almost destroyed.
The phantom hits you but does no damage.
You barely miss the phantom.
The phantom is almost destroyed.
You block the phantom's attack. The phantom hits you.
You slash the phantom!
You destroy the phantom!
You have reached level 6!
You start resting.
HP restored.
Done exploring.
(D) Dungeon
Where to? (* - list waypoints, Enter - D:4, ? - help)
What level of the Dungeon? (default 1, ? - help)
You climb downwards.
The ogre hits you with a +0 giant spiked club!!
Ouch! That really hurt!
There is a stone staircase leading up here.
You hit the ogre.
The ogre is lightly wounded.
The ogre hits you with a +0 giant spiked club!!
Ouch! That really hurt!
You die...

... #........
...#+##>.......
...............
..!............
#.............
##.............
.......O.......
.......@..#
..........#
..........#
..........#
...........
.!###....... .
#........
#.........


You could see an ogre.

Vanquished Creatures
  A phantom (D:3)
  A scorpion (D:3)
  5 adders
  3 gnolls (D:3)
  A worm (D:3)
  2 dart slugs
  An orc (D:3)
  7 bats
  8 endoplasms
  4 giant cockroaches
  12 goblins
  12 hobgoblins
  3 jackals (D:2)
  4 quokkas
  3 ball pythons
  5 frilled lizards
  3 kobolds (D:1)
  4 rats
79 creatures vanquished.

Notes
Turn   | Place    | Note
-------+----------+-------------------------------------------
     0 | D:1      | qw the Gargoyle Fighter began the quest for the Orb.
     0 | D:1      | Reached XP level 1. HP: 14/14 MP: 1/1
     0 | D:1      | 0 ||| qw: Version: 0.2-a-17-g06abaee
     0 | D:1      | 0 ||| qw: Game counter: 2355
     0 | D:1      | 0 ||| qw: Always use a shield: true
     0 | D:1      | 0 ||| qw: God list: Okawaru
     0 | D:1      | 0 ||| qw: Allow faded altars: false
     0 | D:1      | 0 ||| qw: Do Orc after D:15 true
     0 | D:1      | 0 ||| qw: Do second Lair branch before Depths: true
     0 | D:1      | 0 ||| qw: Lair rune preference: random
     0 | D:1      | 0 ||| qw: Plans: Normal, Zot:1-4, God:TSO, Crypt, Tomb,
                  | Pan, Slime:5, Hells, Abyss, Orb
     0 | D:1      | 0 ||| PLANNING D:1-11
    71 | D:1      | 71 ||| Stepping ~*~*~tactically~*~*~ (stealth).
    75 | D:1      | Reached skill level 2 in Axes
   141 | D:1      | Reached XP level 2. HP: 19/19 MP: 2/2
   421 | D:1      | 421 ||| Stepping ~*~*~tactically~*~*~ (stealth).
   456 | D:1      | 456 ||| Stepping ~*~*~tactically~*~*~ (stealth).
   463 | D:1      | Reached skill level 3 in Axes
   538 | D:1      | 538 ||| UPGRADING to +0 chain mail.
   548 | D:1      | 548 ||| DROPPING +0 scale mail.
   549 | D:1      | 549 ||| UPGRADING to ring of positive energy.
   550 | D:1      | 550 ||| READING scroll labelled DACSA GYOMASKA.
   551 | D:1      | 551 ||| READING scroll labelled JUEXAVOILL.
   552 | D:1      | 552 ||| READING scroll labelled UMUOTA EZIC.
   575 | D:2      | Reached XP level 3. HP: 23/23 MP: 3/3
   609 | D:2      | 609 ||| READING scroll of enchant weapon.
   609 | D:2      | 609 ||| ENCHANTING +1 war axe.
   967 | D:2      | 967 ||| Stepping ~*~*~tactically~*~*~ (stealth).
   968 | D:2      | 968 ||| Stepping ~*~*~tactically~*~*~ (stealth).
  1021 | D:2      | Reached XP level 4. HP: 24/28 MP: 4/4
  1335 | D:2      | 1335 ||| UPGRADING to +0 helmet.
  1340 | D:2      | 1340 ||| UPGRADING to +4 ring of protection.
  1341 | D:2      | 1341 ||| READING scroll labelled NAUH HUENU.
  1342 | D:2      | 1342 ||| READING scroll labelled FOTISCH KU BAUDY.
  1443 | D:2      | 1443 ||| READING scroll labelled NITI KOYWENI.
  1469 | D:3      | 1469 ||| STAIRDANCE
  1477 | D:3      | 1477 ||| STAIRDANCE
  1494 | D:3      | Reached skill level 4 in Axes
  1535 | D:3      | Noticed a scorpion
  1543 | D:3      | Killed a scorpion
  1544 | D:3      | Reached XP level 5. HP: 26/32 MP: 5/5
  1686 | D:3      | Reached skill level 5 in Axes
  1759 | D:3      | 1759 ||| DROPPING +2 whip of electrocution.
  2426 | D:3      | 2426 ||| UPGRADING to +0 pair of gloves.
  2473 | D:4      | 2473 ||| STAIRDANCE
  2473 | D:4      | Noticed an ogre
  2473 | D:4      | Noticed a phantom
  2478 | D:4      | 2478 ||| STAIRDANCE
  2503 | D:4      | 2503 ||| STAIRDANCE
  2513 | D:3      | Killed a phantom
  2514 | D:3      | Reached XP level 6. HP: 30/38 MP: 6/6
  2546 | D:4      | Slain by an ogre

Levels and vault maps discovered:
D:1:      psy_arrival_statuary, layout_basic
D:2:      layout_basic
D:3:      cheibrodos_greedy_goblins, layout_basic, serial_curves,
          eino_curves_03, eino_curves_04, minmay_door_square,
          minmay_misc_feat_doors
D:4:      layout_basic, minmay_strange_pillars

Skill      XL: |  1  2  3  4  5 |
---------------+----------------+-----
Axes           | 2 3 4 5 |  5.6
Fighting       | 4 |  4.0
Armour         | |  3.2
Shields        | |  3.2

Action                   |  1- 3 |  4- 6 || total
-------------------------+-------+-------++-------
Melee: War axe           |    97 |   114 ||   211
  Use: Scroll            |     4 |     3 ||     7
Armor: Scale mail        |    25 |       ||    25
       Chain mail        |    37 |    76 ||   113
Dodge: Dodged            |    35 |    37 ||    72
Block: Buckler           |    18 |    19 ||    37

Table legend:
 A = Non-vault XP
 B = Vault XP
 C = Vault XP percentage of total XP
 D = Non-vault monster count
 E = Vault monster count
 F = Vault count percentage of total count
                 A         B        C        D         E       F
            +---------+---------+-------+---------+---------+-------
      Total |     404 |      21 |   4.9 |      68 |      11 |  13.9
            +---------+---------+-------+---------+---------+-------
        D:1 |      33 |       0 |   0.0 |      20 |       0 |   0.0
        D:2 |      64 |       0 |   0.0 |      27 |       0 |   0.0
        D:3 |     307 |      21 |   6.4 |      21 |      11 |  34.4
            +---------+---------+-------+---------+---------+-------
